 Dungeon Crawl Stone Soup version 0.30-a0-605-gb2882149bf (webtiles) character file.

Game seed: 780738185689117728

3002 acebull12 the Purveyor of Pain (level 9, -9/65 HPs)
             Began as a Demonspawn Necromancer on Jan 7, 2023.
             Was an Initiate of Kikubaaqudgha.
             Killed by divine providence
             ... invoked by an orc priest
              (15 damage)
             ... on level 7 of the Dungeon.
             The game lasted 00:27:38 (7475 turns).

acebull12 the Purveyor of Pain (DsNe)               Turns: 7475, Time: 00:27:39

Health: -9/65      AC: 14    Str: 12    XL:     9   Next: 54%
Magic:  16/19      EV: 11    Int: 21    God:    Kikubaaqudgha [......]
Gold:   605        SH:  4    Dex: 20    Spells: 16/21 levels left

rFire   + . .      SeeInvis .    A - +2 rapier (venom)
rCold   + . .      Faith    .    (no shield)
rNeg    . . .      Spirit   .    i - +1 ring mail {rC+}
rPois   .          Reflect  .    H - +0 helmet
rElec   .          Harm     .    (no cloak)
rCorr   .          Rampage  .    (no gloves)
Will    .....                    o - +3 pair of boots of the Swan {Str+3 Dex+7}
Stlth   ++                       (no amulet)
HPRegen 0.30/turn                u - ring of protection from fire
MPRegen 0.16/turn                (no ring)

@: animating dead
A: icy blue scales 1, powered by pain 2, condensation shield, demonic touch 1
a: Renounce Religion


You were on level 7 of the Dungeon.
You worshipped Kikubaaqudgha.
Kikubaaqudgha was noncommittal.
You visited 2 branches of the dungeon, and saw 8 of its levels.
You also visited: Sewer.

You collected 605 gold pieces.

Inventory:

Hand Weapons
 z - a +1 dagger of speed
 A - a +2 rapier of venom (weapon)
Missiles
 E - 2 throwing nets
Armour
 a - a +0 robe
 i - a +1 ring mail of cold resistance (worn)
 o - the +3 pair of boots of the Swan (worn) {Str+3 Dex+7}
   (You found it on level 2 of the Dungeon)

   Str:       It affects your strength (+3).
   Dex:       It affects your dexterity (+7).
 H - a +0 helmet (worn)
Jewellery
 c - a ring of protection from cold
 u - a ring of protection from fire (left hand)
 w - a ring of resist corrosion
Wands
 y - a wand of flame (28)
Scrolls
 e - 3 scrolls of summoning
 f - a scroll of blinking {unknown}
 h - 7 scrolls of teleportation
 k - a scroll of poison {unknown}
 l - 2 scrolls of fear
 m - a scroll of fog
 n - 2 scrolls of enchant weapon {unknown}
 q - a scroll of enchant armour
 x - 2 scrolls of vulnerability {unknown}
 C - a scroll of magic mapping {unknown}
 D - 2 scrolls of immolation {unknown}
 F - 3 scrolls of identify
Potions
 b - a potion of magic
 d - a potion of might {unknown}
 g - 5 potions of curing
 j - a potion of resistance
 p - 4 potions of heal wounds
 r - 8 potions of flight
 s - a potion of brilliance {unknown}
 t - 2 potions of haste {unknown}
 v - 2 potions of lignification
 B - a potion of ambrosia
 G - a potion of mutation {unknown}


   Skills:
 * Level 4.0 Fighting
 * Level 5.3 Short Blades
 * Level 4.0 Armour
 - Level 1.8 Dodging
 - Level 1.8 Stealth
 + Level 1.0 Shields
 * Level 6.8 Spellcasting
 * Level 8.8 Necromancy


You had 16 spell levels left.
You knew the following spells:

 Your Spells              Type           Power      Damage    Failure   Level
a - Necrotise             Necr           100%       1d9       1%          1
b - Animate Dead          Necr           44%        N/A       4%          4

Your spell library contained the following spells:

 Spells                   Type           Power      Damage    Failure   Level
 Vampiric Draining        Necr           44%        2d9       1%          3
 Agony                    Necr           44%        N/A       14%         5
 Beastly Appendage        Tmut           14%        N/A       19%         1
 Freeze                   Ice            28%        1d5       19%         1
 Slow                     Hex            28%        N/A       19%         1
 Ensorcelled Hibernation  Hex/Ice        14%        N/A       28%         2
 Passwall                 Tmut/Erth      5%         N/A       28%         2
 Wereblood                Tmut           7%         N/A       28%         2
 Confusing Touch          Hex            7%         N/A       50%         3
 Ignite Poison            Fire/Tmut/Pois 7%         N/A       50%         3
 Kindle Blastsparks       Fire/Tloc/Air  14%        2d11      50%         3
 Spider Form              Tmut/Pois      7%         N/A       50%         3
 Summon Guardian Golem    Hex/Summ       7%         N/A       50%         3
 Swiftness                Air            7%         N/A       50%         3
 Borgnjor's Vile Clutch   Necr/Erth      12%        N/A       65%         5
 Animate Armour           Summ/Erth      14%        N/A       88%         4
 Alistair's Intoxication  Tmut/Pois      4%         N/A       99%         5
 Freezing Cloud           Conj/Ice/Air   3%         6-21      99%         5
 Eringya's Noxious Bog    Tmut/Pois      3%         N/A       100%        6


Dungeon Overview and Level Annotations

Branches:
Dungeon (7/15)             Temple (1/1) D:7           Sewer (visited)

Altars:
Ashenzari
Cheibriados
Dithmenos
Fedhas
Gozag
Hepliaklqana
Kikubaaqudgha
Nemelex Xobeh
Okawaru
Qazlal
Sif Muna
Uskayaw
Vehumet
Wu Jian
Xom
Yredelemnul

Annotations:
D:4 3 runed translucent doors, omnomnOMINOUS's ghost, amateur OpWn


Innate Abilities, Weirdness & Mutations

You are partially covered in icy blue scales. (AC +2)
You sometimes gain power by taking damage.
A meltable shield of frost defends you. (SH +4)
Your touch may inflict minor irresistible damage on your foes.


Message History

You hit the orc wizard.
The orc wizard is poisoned.
You touch the orc wizard!
The orc wizard is almost dead.
You kill the orc wizard!
Kikubaaqudgha accepts your kill. Something hits you.
The dead are walking!
Something hits you.
Things that are here:
a +0 dagger; a +0 robe The orc priest invokes the aid of Beogh against you.
Pain shoots through your body! The orc barely misses you.
Something hits you but does no damage.
You hit the orc but do no damage.
You touch the orc.
The orc is severely wounded.
Something hits you but does no damage. You block the orc's attack.
The orc priest looks satisfied for a moment.
The orc hits you with a +0 club. The orc priest misses you.
Your orc wizard zombie hits the orc priest.
You puncture the orc!
You kill the orc!
Kikubaaqudgha accepts your kill.
The dead are walking!
Something hits you.
* * * LOW HITPOINT WARNING * * *
You block the orc's attack. The orc priest closely misses you.
The orc priest barely misses you.
You closely miss the orc priest.
You touch the orc priest!
The orc priest is heavily wounded.
Something hits you but does no damage. The orc priest closely misses you. x2
The orc closely misses you.
You hit the orc priest but do no damage.
The orc priest is poisoned.
Your touch misses the orc priest.
The orc priest is heavily wounded.
Something hits you but does no damage. The orc hits you but does no damage.
Your orc wizard zombie hits the orc priest.
The orc priest invokes the aid of Beogh against you.
Beogh smites you!
* * * LOW HITPOINT WARNING * * *
The orc priest calls down the wrath of Beogh upon you.
Beogh smites you!
You die...
Kikubaaqudgha rasps: "You have failed me!
Welcome... death!"

.##.....# ........#
#.......###########
..#.........#.....##
.##................##
.####...............#
.# ...............#
.####...........oo..#
...............)@...#
..#.#........Z.oZ...#
.#.#.#..........?...#
#.#.#.#............##
.#.>.#............##
#.#.#.#..###.######
.#.#.#...# #.##
..#.#....# #..#
.........# ##.#


You could see 2 orc priests, an orc, a friendly orc zombie and a friendly orc
wizard zombie.

Vanquished Creatures
  5 yaks (D:6)
  A water moccasin (D:6)
  An ice beast (D:5)
  2 sky beasts
  2 black bears
  A centaur (D:5)
  5 ogres (D:5)
  2 phantoms
  A necrophage (D:4)
  A scorpion (D:5)
  2 howler monkeys
  3 jellies
  4 crimson imps (D:4)
  2 orc priests (D:4)
  3 hounds
  3 iguanas
  4 orc wizards
  A merfolk siren (Sewer)
  A merfolk avatar (Sewer)
  7 adders
  3 river rats
  A white imp (D:6)
  An ufetubus (D:5)
  7 worms
  5 dart slugs
  21 orcs
  10 ball pythons
  4 bats
  3 endoplasms
  12 giant cockroaches
  5 hobgoblins
  3 jackals
  3 kobolds
  6 quokkas
  4 frilled lizards
  6 goblins
  22 rats
167 creatures vanquished.

Vanquished Creatures (collateral kills)
  An orc priest (D:4)
  A jackal (D:1)
  A ball python (Sewer)
  2 frilled lizards (Sewer)
  5 rats
10 creatures vanquished.

Vanquished Creatures (others)
  2 fungi (D:4)
  2 plants (D:4)
4 creatures vanquished.

Grand Total: 181 creatures vanquished

Notes
Turn   | Place    | Note
-------+----------+-------------------------------------------
     0 | D:1      | acebull12 the Demonspawn Necromancer began the quest for
                  | the Orb.
     0 | D:1      | Reached XP level 1. HP: 13/13 MP: 3/3
   140 | D:1      | Gained mutation: You are partially covered in icy blue
                  | scales. (AC +2) [demonic ancestry]
   140 | D:1      | Reached XP level 2. HP: 19/19 MP: 0/5
   391 | D:1      | Reached skill level 5 in Necromancy
  1042 | D:2      | Gained mutation: You sometimes gain a little power by
                  | taking damage. [demonic ancestry]
  1042 | D:2      | Reached XP level 3. HP: 22/24 MP: 1/6
  1195 | D:2      | Reached skill level 1 in Armour
  1609 | D:2      | Reached XP level 4. HP: 31/31 MP: 3/7
  1720 | D:2      | Got the Precepts of Insomnia
  1727 | D:2      | Identified the +3 pair of boots of the Swan {Str+3 Dex+7}
  2982 | D:4      | Gained mutation: Your touch may inflict minor irresistible
                  | damage on your foes. [demonic ancestry]
  2982 | D:4      | Reached XP level 5. HP: 36/36 MP: 5/9
  3150 | D:4      | Noticed a black bear
  3174 | D:3      | Killed a black bear
  3175 | D:3      | Reached skill level 1 in Fighting
  3175 | D:3      | Reached skill level 6 in Necromancy
  3280 | D:4      | Gained mutation: A meltable shield of frost defends you.
                  | (SH +4) [demonic ancestry]
  3280 | D:4      | Reached XP level 6. HP: 40/44 MP: 11/11
  3468 | D:4      | Gained mutation: You sometimes gain power by taking damage.
                  | [demonic ancestry]
  3468 | D:4      | Reached XP level 7. HP: 41/50 MP: 11/13
  3533 | D:4      | Found a runed translucent gate.
  3555 | D:4      | Found a shimmering blue altar of Sif Muna.
  3577 | D:4      | Found a runed translucent gate.
  3577 | D:4      | Found a runed translucent gate.
  3580 | D:4      | Noticed omnomnOMINOUS's ghost (amateur OpWn)
  3885 | D:4      | Found a shimmering altar of Xom.
  3994 | D:4      | Reached skill level 7 in Necromancy
  4113 | D:5      | Entered Level 5 of the Dungeon
  4242 | D:5      | Reached skill level 1 in Short Blades
  4324 | D:5      | Found a glowing drain.
  4328 | Sewer    | Entered a sewer
  4848 | D:5      | Reached skill level 5 in Spellcasting
  5108 | D:5      | Reached XP level 8. HP: 49/57 MP: 14/16
  5329 | D:5      | Found a snail-covered altar of Cheibriados.
  5463 | D:5      | Found a hazy altar of Hepliaklqana.
  5968 | D:6      | Reached skill level 8 in Necromancy
  6177 | D:6      | Found an ornate altar of the Wu Jian Council.
  6307 | D:6      | Reached XP level 9. HP: 64/64 MP: 18/18
  6474 | D:6      | Learned a level 4 spell: Animate Dead
  6989 | D:7      | Reached skill level 5 in Short Blades
  7114 | D:7      | Found a staircase to the Ecumenical Temple.
  7121 | D:7      | Reached skill level 1 in Shields
  7130 | Temple   | Entered the Ecumenical Temple
  7190 | Temple   | Became a worshipper of Kikubaaqudgha
  7475 | D:7      | Killed from afar by an orc priest

Illustrated notes

Levels and vault maps discovered:
D:1:      tarquinn_simple_flora_water_b, layout_basic
D:2:      layout_basic, minmay_worlds_worst_comb
D:3:      layout_loops_cross
D:4:      layout_gridville, nicolae_sif_muna_little_library, led_xom_imps,
          gammafunk_ghost_nasty_kobolds, minmay_misc_feat_iff,
          amcnicky_mini_rare_corridor_liquid, minmay_goblin_kobold_house
D:5:      layout_loops_ring, nicolae_hepliaklqana_hippocampus,
          gup_sewer_entry_bowl, hangedman_feature_mirror
D:6:      layout_rooms, pdpol_wu_jian_five_deadly_venoms,
          mainiacjoe_overflow_cross_hatched
D:7:      layout_rooms, nicolae_ru_path_of_blood, minmay_temple_entry_grid
Temple:   hellmonk_temple_of_storms

Skill      XL: |  1  2  3  4  5  6  7  8  9 |
---------------+----------------------------+-----
Necromancy     | 5 6 7 8 |  8.8
Armour         | 1 2 3 4 |  4.0
Spellcasting   | 3 4 5 6 |  6.8
Fighting       | 1 2 3 4 |  4.0
Short Blades   | 1 4 5 |  5.3
Shields        | 1 |  1.0
Dodging        | |  1.8
Stealth        | |  1.8

Action                   |  1- 3 |  4- 6 |  7- 9 || total
-------------------------+-------+-------+-------++-------
Melee: Unarmed           |    11 |       |       ||    11
       Dagger            |    31 |    91 |    73 ||   195
       Touch             |       |    16 |    48 ||    64
       Rapier            |       |       |   143 ||   143
       Punch             |       |       |     4 ||     4
 Cast: Necrotise         |    53 |    61 |    87 ||   201
       Animate Dead      |       |       |     2 ||     2
  Use: Scroll            |       |       |    13 ||    13
 Stab: Distracted        |       |     2 |     1 ||     3
       Sleeping          |       |       |     3 ||     3
Armor: Robe              |    11 |       |       ||    11
       Ring mail         |       |    37 |    95 ||   132
Dodge: Dodged            |    29 |    49 |    89 ||   167
Block: Other             |       |     4 |    32 ||    36

Table legend: (Time is in decaauts)
 A = Elapsed time spent in this place.
 B = Non-inter-level travel time spent in this place.
 C = Inter-level travel time spent in this place.
 D = Time resting spent in this place.
 E = Time spent auto-exploring this place.
 F = Levels seen in this place.
 G = Mean time per level.
                   A        B        C        D        E       F      G
               +--------+--------+--------+--------+--------+-----+--------+
         Total |   7492 |   6857 |    635 |    712 |   4536 |   9 |  832.4 |
       Dungeon |   6888 |   6272 |    616 |    636 |   4246 |   7 |  984.0 |
        Temple |     80 |     61 |     19 |      0 |     44 |   1 |   80.0 |
         Sewer |    523 |    523 |      0 |     76 |    246 |   1 |  523.0 |
               +--------+--------+--------+--------+--------+-----+--------+

Top non-repeatable levels by time:
     D:4: 1312 daAuts
     D:5: 1186 daAuts
     D:2: 1123 daAuts
     D:3: 986 daAuts
     D:1: 984 daAuts
     D:6: 978 daAuts
   Sewer: 523 daAuts
     D:7: 317 daAuts
  Temple: 80 daAuts
